 Dungeon Crawl Stone Soup version 0.23.2-1-ga50397a (webtiles) character file.

Game seed: 13222890769362912272

73 suicidejoker the Skirmisher (level 4, 0/38 HPs)
             Began as a Demonspawn Monk on May 7, 2019.
             Slain by an adder (4 damage)
             ... on level 2 of the Dungeon.
             The game lasted 00:02:13 (1608 turns).

suicidejoker the Skirmisher (Demonspawn Monk)       Turns: 1608, Time: 00:02:13

Health: 0/38       AC:  2    Str: 12    XL:     4   Next: 8%
Magic:  4/4        EV: 13    Int: 11    God:
Gold:   111        SH:  0    Dex: 16    Spells: 3/3 levels left

rFire    + . .     SeeInvis .   a - +0 falchion
rCold    . . .     Gourm    .   (no shield)
rNeg     . . .     Faith    .   b - +0 robe
rPois    .         Spirit   .   (no helmet)
rElec    .         Reflect  .   (no cloak)
rCorr    .         Harm     .   (no gloves)
MR       .....                  (no boots)
Stlth    ++........             (no amulet)
HPRegen  0.12/turn              g - ring of flight
MPRegen  0.09/turn              (no ring)

@: lethally poisoned (0 -> -1), hasted, very quick
A: fire resistance 1
a: Evoke Flight


You were on level 2 of the Dungeon.
You were hungry.

You visited 1 branch of the dungeon, and saw 2 of its levels.

You collected 111 gold pieces.

Inventory:

Hand Weapons
 a - a +0 falchion (weapon)
 j - a +0 mace of draining
Armour
 b - a +0 robe (worn)
Jewellery
 g - a ring of flight (left hand)
Scrolls
 d - a scroll of enchant armour {unknown}
 e - a scroll of fog {unknown}
 h - 2 scrolls of immolation {unknown}
 i - 3 scrolls of remove curse {unknown}
Potions
 k - a potion of flight
Comestibles
 c - a ration


   Skills:
 * Level 4.4 Fighting
 - Level 2.6 Long Blades
 + Level 1.7 Armour
 - Level 2.6 Dodging
 - Level 1.7 Stealth


You had 3 spell levels left.
You didn't know any spells.
Your spell library was empty.

Dungeon Overview and Level Annotations

Branches:
Dungeon (2/15)

Altars:
Ru
Sif Muna
Yredelemnul


Innate Abilities, Weirdness & Mutations

Your flesh is heat resistant. (rF+)


Message History

The adder closely misses you.
You closely miss the adder.
The adder is heavily wounded.
You feel sick. The adder completely misses you.
You barely miss the adder.
The adder is heavily wounded.
The adder closely misses you. The adder bites you.
* * * LOW HITPOINT WARNING * * *
You barely miss the adder.
The adder is heavily wounded.
The adder bites you.
* * * LOW HITPOINT WARNING * * *
It was a potion of haste.
You feel yourself speed up. The adder barely misses you.
The adder closely misses you.
You riposte.
You hit the adder.
The adder is severely wounded.
You barely miss the adder.
The adder is severely wounded.
You feel sick. The adder bites you.
You die...

....#.#..<......# .#
###...#.........####.####
..##..#######..........
##.##..## #.........
<..##.## #......$..
#####. ###......... .....
###..Kg....... #####
##...#S########
###########..#..@##..
....#.......#..........#
......# # #............
.....# #............
....## ###............
....######..........[..#
...........###..)##...##
#########..........####
#########..........#


You could see an adder, a hobgoblin and a kobold.

Vanquished Creatures
  A hound zombie (D:2)
  An ooze (D:1)
  2 worms (D:2)
  A dart slug (D:1)
  5 giant cockroaches
  6 goblins
  7 hobgoblins
  A quokka (D:2)
  7 bats
  4 frilled lizards
  2 kobolds (D:2)
  8 rats
45 creatures vanquished.

Notes
Turn   | Place    | Note
-------+----------+-------------------------------------------
     0 | D:1      | suicidejoker the Demonspawn Monk began the quest for the
                  | Orb.
     0 | D:1      | Reached XP level 1. HP: 18/18 MP: 1/1
   105 | D:1      | Gained mutation: Your flesh is heat resistant. (rF+)
                  | [demonic ancestry]
   105 | D:1      | Reached XP level 2. HP: 12/24 MP: 2/2
   404 | D:1      | Reached skill level 1 in Armour
   538 | D:1      | Reached XP level 3. HP: 30/30 MP: 3/3
   766 | D:1      | Reached skill level 4 in Fighting
  1241 | D:2      | HP: 1/30 [worm (9)]
  1506 | D:2      | Found a sacrificial altar of Ru.
  1508 | D:2      | Found a basalt altar of Yredelemnul.
  1508 | D:2      | Found a deep blue altar of Sif Muna.
  1563 | D:2      | Reached XP level 4. HP: 27/38 MP: 4/4
  1608 | D:2      | Slain by an adder

Skill      XL: |  1  2  3 |
---------------+----------+-----
Armour         | 1 |  1.7
Fighting       | 4 |  4.4
Long Blades    | |  2.6
Dodging        | |  2.6
Stealth        | |  1.7

Action                   |  1- 3 |  4- 6 || total
-------------------------+-------+-------++-------
Melee: Falchion          |   131 |    16 ||   147
  Use: Potion            |     3 |     1 ||     4
 Stab: Sleeping          |     7 |       ||     7
       Distracted        |     1 |       ||     1
  Eat: Chunk             |     2 |       ||     2
Armor: Robe              |    28 |     5 ||    33
Dodge: Dodged            |    89 |    20 ||   109
       Rpst.: Falchion   |    28 |     4 ||    32
